AoeStats
← gotuzzo88

Enclosed

505066809Analyzed
1v1 RM · 26d ago on Sep 7, 2026· 28m 59s· 2 players
Game mode
Random Map
Map size
Tiny (2 player)
Population
200
Speed
Normal
Resources
Standard
Victory
Conquest
Starting age
Dark Age
Ending age
Imperial Age
RankedLock teamsTeams togetherTeam positionsShared explorationLock speedFull tech treeHidden civsTurbo modeCheats
Victory
Defeat
🇧🇷 Franks · Brazil
679
+16
🇧🇦 Magyars · Bosnia & Herzegovina
689
-16
gotuzzo88
10:37 Feudal Age
12:05 Double-Bit Axe
13:59 Man-at-Arms
16:24 Gold Mining
21:00 Castle Age
19:31 Forging
19:59 Stone Mining
28:39 Long Swordsman
pxeL
7:57 Loom
11:01 Feudal Age
15:12 Double-Bit Axe
15:11 Horse Collar
18:20 Castle Age
17:16 Gold Mining
20:57 Bloodlines
20:48 Husbandry
22:36 Wheelbarrow
21:47 Town Watch
23:59 Bow Saw
24:09 Heavy Plow
25:31 Pikeman
Connection lost

Rejoining the realm…

Still unreachable

The connection could not be restored.

Session expired

The server has moved on; the page needs a fresh start.